 Dungeon Crawl Stone Soup version 0.30-b1-2-g02819fbbbe (webtiles) character file.

Game seed: 1020113087637620311

90 Mesmaeker13 the Firebug (level 4, 0/24 HPs)
             Began as a Deep Elf Fire Elementalist on July 25, 2023.
             Succumbed to a water moccasin's poison
             ... on level 3 of the Dungeon.
             The game lasted 00:03:10 (2121 turns).

Mesmaeker13 the Firebug (DEFE)                      Turns: 2121, Time: 00:03:11

Health: 0/24       AC:  2    Str:  5    XL:     4   Next: 32%
Magic:  8/12       EV: 28    Int: 22    God:
Gold:   100        SH:  0    Dex: 15    Spells: 7/11 levels left

rFire   . . .        n - +1 short sword (drain)
rCold   . . .        (no shield)
rNeg    . . .        a - +0 robe
rPois   .            (no helmet)
rElec   .            (no cloak)
rCorr   .            (no gloves)
SInv    .            (no boots)
Will    .....        k - amulet of the acrobat
Stlth   ++           (no ring)
HPRegen 0.24/turn    (no ring)
MPRegen 0.13/turn

%: acrobat
@: lethally poisoned (0 -> -15), acrobatic
A: no striking features
a: no special abilities


You were on level 3 of the Dungeon.
You visited 1 branch of the dungeon, and saw 3 of its levels.

You collected 100 gold pieces.

Inventory:

Hand Weapons
 n - a +1 short sword of draining (weapon)
Armour
 a - a +0 robe (worn)
Jewellery
 k - an amulet of the acrobat (around neck)
Scrolls
 e - 4 scrolls of identify {unknown}
 g - a scroll of immolation
 i - a scroll of brand weapon {unknown}
 m - a scroll of poison {unknown}
Potions
 b - a potion of magic
 c - 3 potions of mutation {unknown}
 d - a potion of berserk rage {unknown}
 h - a potion of ambrosia {unknown}
 j - a potion of degeneration {unknown}
 l - 2 potions of heal wounds {unknown}


   Skills:
 + Level 3.4 Dodging
 - Level 2.4 Stealth
 - Level 4.0 Spellcasting
 + Level 2.3 Conjurations
 + Level 0.2 Translocations
 + Level 4.0 Fire Magic


You had 7 spell levels left.
You knew the following spells:

 Your Spells              Type           Power      Damage    Failure   Level
a - Foxfire               Conj/Fire      72%        2x1d7     3%          1
b - Volatile Blastmotes   Fire/Tloc      26%        2d12      14%         3

Your spell library contained the following spells:

 Spells                   Type           Power      Damage    Failure   Level
 Scorch                   Fire           44%        2d6       3%          2
 Inner Flame              Hex/Fire       13%        N/A       14%         3
 Flame Wave               Conj/Fire      18%        2d7       30%         4


Dungeon Overview and Level Annotations

Branches:
Dungeon (3/15)

Altars:

Annotations:
D:3 2 transporters, maniek23's ghost, amateur GnHu


Message History

Confirm with . or Enter, or press ? or * to list all spells.
You conjure some foxfire!
The water moccasin misses you.
The foxfire hits the water moccasin.
The water moccasin is moderately wounded.
The foxfire hits the water moccasin.
The water moccasin is heavily wounded.
The water moccasin completely misses you. x2
Unknown command.
Casting: Foxfire (safe; 3% risk of failure)
Confirm with . or Enter, or press ? or * to list all spells.
You conjure some foxfire!
The water moccasin bites you.
You are poisoned.
The water moccasin poisons you!
You feel very sick.
The foxfire hits the water moccasin.
The water moccasin is severely wounded.
The foxfire hits the water moccasin.
The water moccasin is severely wounded.
The water moccasin completely misses you.
Unknown command.
Casting: Foxfire (safe; 3% risk of failure)
Confirm with . or Enter, or press ? or * to list all spells.
You conjure some foxfire!
You feel sick. The water moccasin closely misses you.
The water moccasin bites you.
You are lethally poisoned!
The water moccasin poisons you!
* * * LOW HITPOINT WARNING * * *
You feel very sick.
The foxfire hits the water moccasin.
The water moccasin is severely wounded.
The foxfire hits the water moccasin.
The water moccasin is almost dead.
The water moccasin completely misses you.
Casting: Foxfire (safe; 3% risk of failure)
Confirm with . or Enter, or press ? or * to list all spells.
You conjure some foxfire!
* * * LOW HITPOINT WARNING * * *
You feel very sick.
The water moccasin closely misses you. x2
You die...

######...#######..
#.#..............#..
#.#.####.#.##.......
#.#.# #.#.##...[...
#.#.####.#..+..(....
#.#.#..#.####.......
..####.#.#..#.# ###+###..
?..>...#v#..#.###........
#(.S@.......#........
####v#..#.#.....(....
#.#..#.#..........
######.#..#.#.#........
#.........#.#.#........
#.........#.#.#........
#.......<.#.#.###'###..
######'##.#.#.# #.# #..
#.†).#'#.# #.###..


You could see a water moccasin (ally target).

Vanquished Creatures
  A gnoll (D:1)
  2 adders (D:2)
  2 worms
  An orc (D:3)
  8 bats
  4 endoplasms (D:2)
  A giant cockroach (D:1)
  4 goblins
  6 hobgoblins
  2 jackals (D:1)
  4 kobolds (D:1)
  6 quokkas
  4 ball pythons (D:2)
  3 frilled lizards
  4 rats
52 creatures vanquished.

Vanquished Creatures (others)
  155 foxfires
155 creatures vanquished.

Grand Total: 207 creatures vanquished

Notes
Turn   | Place    | Note
-------+----------+-------------------------------------------
     0 | D:1      | Mesmaeker13 the Deep Elf Fire Elementalist began the quest
                  | for the Orb.
     0 | D:1      | Reached XP level 1. HP: 10/10 MP: 6/6
   296 | D:1      | Reached XP level 2. HP: 15/15 MP: 6/8
   778 | D:1      | Reached XP level 3. HP: 19/19 MP: 8/10
   848 | D:1      | Found a faded altar of an unknown god.
  1530 | D:2      | Reached XP level 4. HP: 24/24 MP: 8/11
  1825 | D:2      | Learned a level 3 spell: Volatile Blastmotes
  2018 | D:3      | Found a transporter.
  2020 | D:3      | Found a transporter.
  2020 | D:3      | Noticed maniek23's ghost (amateur GnHu)
  2110 | D:3      | Noticed a water moccasin
  2121 | D:3      | Succumbed to a water moccasin's poison

Illustrated notes

Levels and vault maps discovered:
D:1:      minmay_arrival_stone_box, layout_loops_ring,
          hellmonk_ecumenical_altar_blasted
D:2:      layout_basic
D:3:      layout_basic, gammafunk_ghost_mausoleum

Skill      XL: |  1  2  3  4 |
---------------+-------------+-----
Dodging        | 3 |  3.4
Conjurations   | 2 |  2.3
Fire Magic     | 4 |  4.0
Spellcasting   | 4 |  4.0
Stealth        | |  2.4
Translocations | |  0.2

Action                     |  1- 3 |  4- 6 || total
---------------------------+-------+-------++-------
  Melee: Whip              |     4 |       ||     4
         Punch             |     1 |       ||     1
   Cast: Foxfire           |    75 |    21 ||    96
 Armour: Robe              |     1 |     1 ||     2
  Dodge: Dodged            |    10 |    17 ||    27
